AoeStats
← 4k1m

MegaRandom

509901739Analyzed
4v4 RM · 4d ago on Sep 28, 2026· 7m 40s· 8 players
Game mode
Random Map
Map size
Large (8 player)
Population
200
Speed
Normal
Resources
Standard
Victory
Conquest
Starting age
Dark Age
Ending age
Imperial Age
RankedLock teamsTeams togetherTeam positionsShared explorationLock speedFull tech treeHidden civsTurbo modeCheats
Victory
Defeat
🇸🇪 Mongols · Sweden
1502
+15
🇭🇰 Poles · Hong Kong SAR China
1486
+16
🇺🇸 Saxons · United States
1451
+18
🇩🇪 Danes · Germany
1445
+18
🇩🇪 Saracens · Germany
1537
-19
🇩🇪 Varangians · Germany
1486
-17
🇩🇪 Georgians · Germany
1465
-16
🇩🇪 Vietnamese · Germany
1456
-15
Polestar
软脚虾3号
lok914
0:58 Loom
xGusZx24
7:43 Feudal Age
orangefaser
5:42 Loom
9:00 Feudal Age
Vicky R
6:26 Loom
6:41 Loom
4k1m
MyNameIsLassen
6:36 Loom
8:50 Feudal Age
Connection lost

Rejoining the realm…

Still unreachable

The connection could not be restored.

Session expired

The server has moved on; the page needs a fresh start.